 Dungeon Sprint DCSS version 0.20-a0-689-g860b9ab (webtiles) character file.

4575 Kidiri the Eclecticist (level 10, -4/56 HPs)
             Began as a Deep Elf Fire Elementalist on Feb 19, 2017.
             Was a High Priest of Vehumet.
             Slain by a killer bee (5 damage)
             ... in the Dungeon (Sprint III: "The Ten Rune Challenge").
             The game lasted 00:11:36 (2474 turns).

Kidiri the Eclecticist (Deep Elf Fire Elementalist) Turns: 2474, Time: 00:11:37

Health: -4/56      AC:  2    Str:  7    XL:     10   Next: 18%
Magic:  3/31       EV: 19    Int: 24    God:    Vehumet [*****.]
Gold:   39         SH:  0    Dex: 15    Spells: 4/39 levels left

rFire    + . .     SeeInvis .   a - +0 dagger
rCold    . . .     Gourm    .   l - +0 robe {rF+}
rNeg     . . .     Faith    .   (no shield)
rPois    .         Spirit   .   (no helmet)
rElec    .         Reflect  .   (no cloak)
rCorr    .         Harm     .   (no gloves)
MR       +....     NoTele   +   (no boots)
Stlth    +++.......             (no amulet)
Regen    0.2/turn               (no ring)
MPRegen  0.3/turn               k - ring of stealth

@: lethally poisoned (-4 -> -16), very slightly contaminated, hasted, very quick
A: frail 1, strong 1
a: Renounce Religion


You were in the Dungeon.
You worshipped Vehumet.
Vehumet was extremely pleased with you.
You were not hungry.

You visited 1 branch You collected 39 gold pieces.

Inventory:

Hand Weapons
 a - a +0 dagger (weapon)
Armour
 l - a +0 robe of fire resistance (worn)
Jewellery
 k - a ring of stealth (left hand)
Scrolls
 m - 2 scrolls of torment
 n - a scroll of identify
 o - 2 scrolls of remove curse
Potions
 g - a potion of magic
 h - a potion of berserk rage
 q - 4 potions of flight
Comestibles
 p - a meat ration


   Skills:
 + Level 7.3 Fighting
 + Level 3.7 Short Blades
 + Level 7.1 Armour
 + Level 10.7 Dodging
 - Level 2.4 Stealth
 * Level 15.2 Spellcasting
 + Level 9.5 Conjurations
 + Level 10.0 Fire Magic
 + Level 6.3 Ice Magic
 + Level 2.5 Earth Magic
 + Level 4.6 Poison Magic


You had 4 spell levels left.
You knew the following spells:

 Your Spells              Type           Power        Failure   Level  Hunger
a - Flame Tongue          Conj/Fire      #####        1%          1    None
b - Throw Flame           Conj/Fire      ######       1%          2    None
c - Conjure Flame         Conj/Fire      ######..     1%          3    None
d - Inner Flame           Hex/Fire       #####...     1%          3    None
e - Ignite Poison         Fire/Tmut/Pois #####...     1%          3    None
f - Sticky Flame          Conj/Fire      ######..     1%          4    None
g - Fireball              Conj/Fire      ######....   1%          5    ##.....
h - Freeze                Ice            ####         1%          1    None
i - Searing Ray           Conj           ######       1%          2    None
j - Lee's Rapid Deconstr  Erth           ####......   10%         5    ##.....
k - Bolt of Cold          Conj/Ice       ######....   5%          6    ####...


Dungeon Overview and Level Annotations

Branches:
Dungeon (1/1)

Altars:
Cheibriados
Dithmenos
Elyvilon
Fedhas
Gozag
Hepliaklqana
Kikubaaqudgha
Makhleb
Nemelex Xobeh
Okawaru
Qazlal
Ru
Sif Muna
Trog
Uskayaw
Vehumet
Xom
Yredelemnul
Zin
The Shining One
Beogh
Jiyva
Lugonu


Innate Abilities, Weirdness & Mutations

You are frail. (-10% HP)
Your muscles are strong. (Str +2)


Message History

Confirm with . or Enter, or press ? or * to list all spells.
Aiming: Bolt of Cold
Press: ? - help, Shift-Dir - straight line, f/p - killer bee
Aim: a killer bee (berserk, fast, unusually strong)
You miscast Bolt of Cold.
Frost spreads across the the floor.
The killer bee misses you. x2; The killer bee stings you.
* * * LOW HITPOINT WARNING * * *
Unknown command.
Okay, then.
Unknown command.
Blink to where?
Press: ? - help, Dir - move target cursor, p - killer bee
As you read the scroll of blinking, it crumbles to dust.
You feel sick.
The killer bee rages.
You feel yourself speed up.
You feel sick. The killer bee stings you!
* * * LOW HITPOINT WARNING * * *
You are more poisoned.
The killer bee poisons you! The killer bee stings you.
You die...

###########################
.§§§'.#.'...+.#.#.#.y%y%≈≈#
#§§§#.#.#...##.#.#y##yy%≈≈#
#§§.#.#.#...#.#.#y#.# %%≈≈≈
#§§.#...#)..##.#@#.## .≈≈≈
▓▓▓▓▓▓▓▓▓▓▓▓#.#.#.#.# %%%
##.#.#.## %. +.#.#.#.# %
##.#.#.## #+#####


You could see 3 killer bees.

Vanquished Creatures
  Erica (D)
  A centaur warrior (D)
  An unseen horror (D)
  A deep elf mage (D)
  A queen bee (D)
  A shadow (D)
  A spatial vortex (D)
  A necrophage (D)
  2 centaurs (D)
  An earth elemental (D)
  A water elemental (D)
  A scorpion (D)
  25 killer bees (D)
  A jelly (D)
  A wizard (D)
  Jessica (D)
  A necromancer (D)
  3 humans (D)
  A kobold demonologist (D)
  3 rats (D)
49 creatures vanquished.

Vanquished Creatures (others)
  2 draconian scorchers (D)
  A hydra (D)
  6 hellions (D)
  A yaktaur (D)
  4 plants (D)
14 creatures vanquished.

Grand Total: 63 creatures vanquished

Notes
Turn   | Place    | Note
-------+----------+-------------------------------------------
     0 | D        | Kidiri the Deep Elf Fire Elementalist began the quest for the Orb.
     0 | D        | Reached XP level 1. HP: 10/10 MP: 6/6
    58 | D        | Noticed Jessica
    71 | D        | Killed a five-headed hydra
    79 | D        | Killed Jessica
    79 | D        | Reached skill level 1 in Fighting
    79 | D        | Reached skill level 1 in Armour
    79 | D        | Reached skill level 5 in Spellcasting
    79 | D        | Reached XP level 2. HP: 10/16 MP: 0/10
    85 | D        | Killed a hellion
    95 | D        | Learned a level 2 spell: Throw Flame
   106 | D        | Killed a yaktaur
   168 | D        | Killed a white draconian scorcher
   170 | D        | Killed a white draconian scorcher
   173 | D        | Killed a hellion
   174 | D        | Killed a hellion
   175 | D        | Killed a hellion
   175 | D        | Killed a hellion
   196 | D        | Killed a hellion
   308 | D        | Reached XP level 3. HP: 12/21 MP: 0/12
   313 | D        | Learned a level 3 spell: Conjure Flame
   317 | D        | Learned a level 3 spell: Inner Flame
   428 | D        | Noticed a scorpion
   433 | D        | Killed a scorpion
   433 | D        | Reached skill level 6 in Spellcasting
   433 | D        | Reached XP level 4. HP: 24/27 MP: 6/14
   439 | D        | Learned a level 4 spell: Sticky Flame
   502 | D        | Gained mutation: You tend to lose your temper in combat. [potion of mutation]
   502 | D        | Gained mutation: You often lose your temper in combat. [potion of mutation]
   502 | D        | Lost mutation: You often lose your temper in combat. [potion of mutation]
   502 | D        | Gained mutation: Your skin changes colour to match your surroundings (Stealth+). [potion of mutation]
   503 | D        | Lost mutation: Your skin changes colour to match your surroundings (Stealth+). [potion of mutation]
   503 | D        | Lost mutation: You tend to lose your temper in combat. [potion of mutation]
   503 | D        | Gained mutation: You are dopey. (Int -2) [potion of mutation]
   503 | D        | Gained mutation: You are clumsy. (Dex -2) [potion of mutation]
   503 | D        | Gained mutation: Your spells are a little harder to cast, but a little more powerful. [potion of mutation]
   504 | D        | Lost mutation: You are clumsy. (Dex -2) [potion of mutation]
   504 | D        | Lost mutation: You are dopey. (Int -2) [potion of mutation]
   504 | D        | Gained mutation: Your mind is acute. (Int +2) [potion of mutation]
   504 | D        | Gained mutation: You are robust. (+10% HP) [potion of mutation]
   504 | D        | Gained mutation: You possess an exceptional clarity of mind. [potion of mutation]
   505 | D        | Lost mutation: You possess an exceptional clarity of mind. [potion of mutation]
   505 | D        | Lost mutation: You are robust. (+10% HP) [potion of mutation]
   505 | D        | Lost mutation: Your mind is acute. (Int +2) [potion of mutation]
   505 | D        | Lost mutation: Your spells are a little harder to cast, but a little more powerful. [potion of mutation]
   505 | D        | Gained mutation: You are partially covered in molten scales. (AC +2) [potion of mutation]
   505 | D        | Gained mutation: You passively map a small area around you. [potion of mutation]
   506 | D        | Lost mutation: You passively map a small area around you. [potion of mutation]
   506 | D        | Lost mutation: You are partially covered in molten scales. (AC +2) [potion of mutation]
   506 | D        | Gained mutation: You are frail. (-10% HP) [potion of mutation]
   506 | D        | Gained mutation: Your muscles are strong. (Str +2) [potion of mutation]
   516 | D        | Noticed a water elemental
   520 | D        | Killed a water elemental
   520 | D        | Reached skill level 5 in Dodging
   520 | D        | Reached skill level 7 in Spellcasting
   520 | D        | Reached skill level 5 in Fire Magic
   520 | D        | Reached XP level 5. HP: 28/28 MP: 9/17
   527 | D        | Learned a level 5 spell: Fireball
   576 | D        | Found a radiant altar of Vehumet.
   577 | D        | Found a deep blue altar of Sif Muna.
   577 | D        | Found an ancient bone altar of Kikubaaqudgha.
   579 | D        | Reached skill level 8 in Spellcasting
   592 | D        | Became a worshipper of Vehumet
   639 | D        | Found a glowing silver altar of Zin.
   640 | D        | Found a glowing golden altar of the Shining One.
   640 | D        | Found a white marble altar of Elyvilon.
   640 | D        | Noticed a deep elf mage
   647 | D        | Killed a deep elf mage
   647 | D        | Reached skill level 10 in Spellcasting
   647 | D        | Reached XP level 6. HP: 22/35 MP: 11/21
   647 | D        | Reached XP level 7. HP: 25/39 MP: 12/23
   755 | D        | Found a hide-covered altar of Uskayaw.
   755 | D        | Found a roughly hewn altar of Beogh.
   755 | D        | Found an iron altar of Okawaru.
   755 | D        | Found a bloodstained altar of Trog.
   755 | D        | Noticed a human
   757 | D        | Noticed a human
   764 | D        | Killed a human
   764 | D        | Reached skill level 5 in Fighting
   764 | D        | Reached skill level 11 in Spellcasting
   765 | D        | Killed a human
   765 | D        | Reached * piety under Vehumet
   765 | D        | Offered knowledge of Freeze by Vehumet.
   765 | D        | Reached skill level 5 in Armour
   768 | D        | Learned a level 1 spell: Freeze
   824 | D        | Found a basalt altar of Yredelemnul.
   824 | D        | Found a shadowy altar of Dithmenos.
   824 | D        | Found a sacrificial altar of Ru.
   834 | D        | Reached skill level 12 in Spellcasting
   836 | D        | Reached skill level 1 in Ice Magic
   912 | D        | Reached ** piety under Vehumet
   912 | D        | Offered knowledge of Searing Ray by Vehumet.
   914 | D        | Noticed a shadow
   919 | D        | Killed a shadow
   919 | D        | Reached XP level 8. HP: 45/45 MP: 16/26
   923 | D        | Learned a level 2 spell: Searing Ray
   977 | D        | Found a blossoming altar of Fedhas.
   977 | D        | Found a stormy altar of Qazlal.
   978 | D        | Found a snail-covered altar of Cheibriados.
   978 | D        | Found a burning altar of Makhleb.
   978 | D        | Found a hazy altar of Hepliaklqana.
   978 | D        | Found a shimmering altar of Xom.
   978 | D        | Found an opulent altar of Gozag.
   978 | D        | Found a sparkling altar of Nemelex Xobeh.
   978 | D        | Found a corrupted altar of Lugonu.
   978 | D        | Found a viscous altar of Jiyva.
  1067 | D        | Noticed Erica
  1156 | D        | Killed Erica
  1156 | D        | Offered knowledge of Ignite Poison by Vehumet.
  1156 | D        | Reached skill level 13 in Spellcasting
  1161 | D        | Learned a level 3 spell: Ignite Poison
  1389 | D        | Reached *** piety under Vehumet
  1389 | D        | Reached XP level 9. HP: 20/49 MP: 19/28
  1576 | D        | Noticed a centaur warrior
  1579 | D        | Offered knowledge of Force Lance by Vehumet.
  1579 | D        | Reached skill level 1 in Short Blades
  1579 | D        | Reached skill level 1 in Poison Magic
  1585 | D        | Killed a centaur warrior
  1585 | D        | Reached skill level 10 in Dodging
  1585 | D        | Reached skill level 14 in Spellcasting
  1585 | D        | Reached skill level 5 in Ice Magic
  1959 | D        | Noticed an unseen horror
  1963 | D        | Killed an unseen horror
  1963 | D        | Reached **** piety under Vehumet
  2335 | D        | Noticed a queen bee
  2339 | D        | Offered knowledge of Lee's Rapid Deconstruction by Vehumet.
  2346 | D        | Learned a level 5 spell: Lee's Rapid Deconstruction
  2353 | D        | Reached skill level 1 in Earth Magic
  2353 | D        | Reached ***** piety under Vehumet
  2355 | D        | Offered knowledge of Bolt of Cold by Vehumet.
  2366 | D        | Learned a level 6 spell: Bolt of Cold
  2460 | D        | Reached XP level 10. HP: 52/56 MP: 11/30
  2468 | D        | Offered knowledge of Venom Bolt by Vehumet.
  2468 | D        | Reached skill level 15 in Spellcasting
  2471 | D        | Reached skill level 10 in Fire Magic
  2474 | D        | HP: 1/56 [killer bee (12)]
  2474 | D        | Slain by a killer bee

Vault maps used:
D:        dungeon_sprint_mu

Skill      XL: |  1  2  3  4  5  6  7  8  9 10 |
---------------+-------------------------------+-----
Fighting       | 1 2 4 5 6 7 |  7.3
Armour         | 1 2 4 5 6 7 |  7.1
Dodging        | 3 4 5 7 8 9 10 | 10.7
Spellcasting   | 5 6 7 10 12 13 14 15 | 15.2
Conjurations   | 2 3 4 6 7 8 9 |  9.5
Fire Magic     | 4 5 7 8 9 10 | 10.0
Ice Magic      | 2 4 6 |  6.3
Short Blades   | 3 |  3.7
Poison Magic   | 4 |  4.6
Earth Magic    | 1 2 |  2.5
Stealth        | |  2.4

Action                   |  1- 3 |  4- 6 |  7- 9 | 10-12 || total
-------------------------+-------+-------+-------+-------++-------
Melee: Unarmed           |     2 |       |       |       ||     2
       Dagger            |       |     1 |     2 |     1 ||     4
 Cast: Flame Tongue      |    21 |     7 |    53 |     1 ||    82
       Throw Flame       |     1 |       |     1 |       ||     2
       Conjure Flame     |     1 |     1 |     6 |       ||     8
       Sticky Flame      |       |     3 |    10 |     3 ||    16
       Searing Ray       |       |       |    10 |       ||    10
       Fireball          |       |       |     3 |       ||     3
       Ignite Poison     |       |       |     2 |       ||     2
       Bolt of Cold      |       |       |     1 |     4 ||     5
  Use: Potion            |       |     5 |     2 |     3 ||    10
       Scroll            |       |     3 |       |     1 ||     4
 Stab: Sleeping          |       |     1 |       |       ||     1
  Eat: Royal jelly       |       |       |     2 |       ||     2
       Bread ration      |       |       |     1 |       ||     1
Armor: Robe              |       |       |     2 |       ||     2
Dodge: Dodged            |     9 |     3 |    18 |    18 ||    48
